A- EAST
KANNAPOLIS CANNON BALLERS @ CHARLESTON RIVERDOGS
08/05/2041
 
TOP OF THE 1ST
Kannapolis Cannon Ballers batting - Pitching for Charleston RiverDogs : RHP Héctor Hernández
Pitching: RHP Héctor Hernández
Batting: LHB António Rodríguez 0-0: Ball
1-0: Ball
2-0: Ball
3-0: Called Strike
3-1: Called Strike
3-2: Ground out 1-3 (Groundball, 15S, EV 69.4 MPH)
Batting: LHB José Morán 0-0: Ball
1-0: Ball
2-0: Ball
3-0: Called Strike
3-1: Ground out 5-3 (Groundball, 56S, EV 90.0 MPH)
Batting: LHB Jim Gilbert 0-0: Ball
1-0: Called Strike
1-1: Foul Ball, location: 2F
1-2: Foul Ball, location: 2F
1-2: Ball
2-2: Foul Ball, location: 2F
2-2: Ground out 4-3 (Groundball, 4, EV 102.5 MPH)
Top of the 1st over - 0 runs, 0 hits, 0 errors, 0 left on base; Kannapolis 0 - Charleston 0
BOTTOM OF THE 1ST
Charleston RiverDogs batting - Pitching for Kannapolis Cannon Ballers : LHP Ed Morrow
Pitching: LHP Ed Morrow
Batting: RHB Chris Mercer 0-0: SINGLE (Flyball, 8RS, EV 98.8 MPH)
Batting: RHB Joe Morrow 0-0: Called Strike
0-1: Ball
1-1: SINGLE (Groundball, 6MD, EV 94.4 MPH)
Chris Mercer to second
Batting: RHB David Moreno 0-0: Ball
1-0: Ball
2-0: Ball
3-0: Base on Balls
Chris Mercer to third
Joe Morrow to second
Batting: RHB Manny Moreno 0-0: Ball
1-0: Ball
2-0: Called Strike
2-1: Fly out, F8 (Line Drive, 8RM, EV 91.3 MPH)
Runner from 3rd tags up, SCORES, no throw by CF
Batting: LHB Ippolito Palermo 0-0: Ball
1-0: Ball
2-0: Ball
3-0: Base on Balls
Joe Morrow to third
David Moreno to second
Batting: SHB Chris Whitehead 0-0: Ball
1-0: Called Strike
1-1: Ball
2-1: Fly out, F6 (Popup, 56D, EV 58.8 MPH)
Batting: LHB Joey Wright 0-0: Foul Ball, location: 2F
0-1: Ball
1-1: Foul Ball, location: 3SF
1-2: Ball
2-2: GRAND SLAM HOME RUN (Flyball, 78XD, EV 113.1 MPH), Distance : 455 ft
Batting: RHB Cristo Ventura 0-0: Fly out, F7 (Flyball, 7, EV 80.6 MPH)
Bottom of the 1st over - 5 runs, 3 hits, 0 errors, 0 left on base; Kannapolis 0 - Charleston 5
TOP OF THE 2ND
Kannapolis Cannon Ballers batting - Pitching for Charleston RiverDogs : RHP Héctor Hernández
Batting: RHB Sam Holland 0-0: Ball
1-0: SINGLE (Line Drive, 8RS, EV 90.0 MPH)
Batting: RHB Jeremiah Miller 0-0: Ball
1-0: Ball
2-0: Foul Ball, location: 9LSF
2-1: Called Strike
Sam Holland steals 2nd base (no throw)
2-2: Foul Ball, location: 7LMF
2-2: Foul Ball, location: 2F
2-2: Foul Ball, location: 5DF
2-2: Fly out, F8 (Flyball, 8RD, EV 103.8 MPH)
Runner from 2nd tags up, OUT at 3rd! 8-5
Batting: LHB Len Thompson 0-0: Foul Ball, location: 3F
0-1: Ball
1-1: Foul Ball, location: 7LMF
1-2: Ground out U3 (Groundball, 3L, EV 85.6 MPH)
Top of the 2nd over - 0 runs, 1 hit, 0 errors, 0 left on base; Kannapolis 0 - Charleston 5
BOTTOM OF THE 2ND
Charleston RiverDogs batting - Pitching for Kannapolis Cannon Ballers : LHP Ed Morrow
Batting: RHB Jesús Ramos 0-0: Called Strike
0-1: Ball
1-1: Foul Ball, location: 7LDF
1-2: Foul Ball, location: 23F
1-2: Ball
2-2: Ball
3-2: Fly out, F9 (Flyball, 9, EV 95.0 MPH)
Batting: RHB Chris Mercer 0-0: Ground out 5-3 (Groundball, 5, EV 85.6 MPH)
Batting: RHB Joe Morrow 0-0: Ball
1-0: Ground out 4-3 (Groundball, 4, EV 77.5 MPH)
Bottom of the 2nd over - 0 runs, 0 hits, 0 errors, 0 left on base; Kannapolis 0 - Charleston 5
TOP OF THE 3RD
Kannapolis Cannon Ballers batting - Pitching for Charleston RiverDogs : RHP Héctor Hernández
Batting: RHB Sergio Rodríguez 0-0: Ball
1-0: Foul Ball, location: 3F
1-1: Ball
2-1: Called Strike
2-2: Ball
3-2: Foul Ball, location: 2F
3-2: Base on Balls
Batting: RHB Rodrigo Silva 0-0: Ball
1-0: Called Strike
Sergio Rodríguez steals 2nd base (no throw)
1-1: DOUBLE (Line Drive, 9LM, EV 102.5 MPH)
Sergio Rodríguez scores
Batting: RHB César Chapa 0-0: Called Strike
0-1: Foul Ball, location: 9LSF
0-2: Hit by Pitch
Batting: LHB António Rodríguez 0-0: Ball
1-0: Foul Ball, location: 3F
1-1: Ball
2-1: Ball
3-1: Base on Balls
Rodrigo Silva to third
César Chapa to second
Batting: LHB José Morán 0-0: Ball
1-0: Foul Ball, location: 7LDF
1-1: Called Strike
1-2: Ball
2-2: Strikes out swinging
Batting: LHB Jim Gilbert 0-0: Called Strike
0-1: Called Strike
0-2: Ball
1-2: Ball
2-2: Fly out, F9 (Line Drive, 89S, EV 94.4 MPH)
Lined into DP, 9-6 (Line Drive, 89S, EV 94.4 MPH)
Top of the 3rd over - 1 run, 1 hit, 0 errors, 2 left on base; Kannapolis 1 - Charleston 5
BOTTOM OF THE 3RD
Charleston RiverDogs batting - Pitching for Kannapolis Cannon Ballers : LHP Ed Morrow
Batting: RHB David Moreno 0-0: Ball
1-0: Foul Ball, location: 7LMF
1-1: Called Strike
1-2: Ball
2-2: Foul Ball, location: 2F
2-2: Fly out, F9 (Flyball, 9D, EV 111.9 MPH)
Batting: RHB Manny Moreno 0-0: Called Strike
0-1: Swinging Strike
0-2: Ball
1-2: Foul Ball, location: 5F
1-2: Ground out 4-3 (Groundball, 4, EV 87.5 MPH)
Batting: LHB Ippolito Palermo 0-0: DOUBLE (Flyball, 8RXD, EV 108.8 MPH)
Batting: SHB Chris Whitehead 0-0: Ball
1-0: Swinging Strike
1-1: Fly out, F7 (Flyball, 78M, EV 88.8 MPH)
Bottom of the 3rd over - 0 runs, 1 hit, 0 errors, 1 left on base; Kannapolis 1 - Charleston 5
TOP OF THE 4TH
Kannapolis Cannon Ballers batting - Pitching for Charleston RiverDogs : RHP Héctor Hernández
Batting: RHB Sam Holland 0-0: Ball
1-0: Ball
2-0: Called Strike
2-1: Ball
3-1: Base on Balls
Batting: RHB Jeremiah Miller 0-0: Called Strike
Sam Holland steals 2nd base
0-1: SINGLE (Flyball, 8RS, EV 88.1 MPH)
Sam Holland to third
Runner from 3rd tries for Home, SAFE, throw by CF to home
Jeremiah Miller to second
Batting: LHB Len Thompson 0-0: Ground out U3 (Groundball, 3, EV 103.8 MPH)
Jeremiah Miller to third
Batting: RHB Sergio Rodríguez 0-0: Called Strike
0-1: Ball
1-1: Ball
2-1: Fly out, F9 (Flyball, 9, EV 95.6 MPH)
Runner from 3rd tags up, SCORES, throw by RF
Batting: RHB Rodrigo Silva 0-0: Ball
1-0: Ball
2-0: Ball
3-0: Called Strike
3-1: Swinging Strike
3-2: Base on Balls
Pitching: RHP José Galván
Batting: RHB César Chapa 0-0: Called Strike
Rodrigo Silva is caught stealing 2nd base 2-4
Top of the 4th over - 2 runs, 1 hit, 0 errors, 0 left on base; Kannapolis 3 - Charleston 5
BOTTOM OF THE 4TH
Charleston RiverDogs batting - Pitching for Kannapolis Cannon Ballers : LHP Ed Morrow
Batting: LHB Joey Wright 0-0: Called Strike
0-1: Ball
1-1: Swinging Strike
1-2: Strikes out looking
Batting: RHB Cristo Ventura 0-0: Called Strike
0-1: Called Strike
0-2: Ball
1-2: Strikes out swinging
Batting: RHB Jesús Ramos 0-0: Called Strike
0-1: Foul Ball, location: 2F
0-2: Foul Ball, location: 2F
0-2: Ground out 6-3 (Groundball, 6, EV 96.3 MPH)
Bottom of the 4th over - 0 runs, 0 hits, 0 errors, 0 left on base; Kannapolis 3 - Charleston 5
TOP OF THE 5TH
Kannapolis Cannon Ballers batting - Pitching for Charleston RiverDogs : RHP José Galván
Batting: RHB César Chapa 0-0: Called Strike
0-1: Foul Ball, location: 5FF
0-2: Foul Ball, location: 25F
0-2: Ball
1-2: Strikes out swinging
Batting: LHB António Rodríguez 0-0: Ball
1-0: Ground out 4-3 (Groundball, 4, EV 90.6 MPH)
Batting: LHB José Morán 0-0: Called Strike
0-1: Ground out 3-1 (Groundball, 34, EV 106.3 MPH)
Top of the 5th over - 0 runs, 0 hits, 0 errors, 0 left on base; Kannapolis 3 - Charleston 5
BOTTOM OF THE 5TH
Charleston RiverDogs batting - Pitching for Kannapolis Cannon Ballers : LHP Ed Morrow
Batting: RHB Chris Mercer 0-0: Ball
1-0: Ball
2-0: Ball
3-0: Called Strike
3-1: Ground out 6-3 (Groundball, 6D, EV 110.0 MPH)
Batting: RHB Joe Morrow 0-0: Ball
1-0: Foul Ball, location: 2F
1-1: Ball
2-1: TRIPLE (Line Drive, 89XD, EV 100.0 MPH)
Batting: RHB David Moreno 0-0: Called Strike
0-1: Foul Ball, location: 3SF
0-2: Strikes out swinging
Batting: RHB Manny Moreno 0-0: Intentional Walk
Batting: LHB Ippolito Palermo 0-0: Foul Ball, location: 3FF
0-1: Ball
1-1: Ball
2-1: Called Strike
2-2: SINGLE (Groundball, 4MD, EV 98.1 MPH)
Joe Morrow scores
Manny Moreno to second
Pitching: LHP Jim Miller
Batting: SHB Chris Whitehead 0-0: Called Strike
0-1: Swinging Strike
0-2: Strikes out swinging
Bottom of the 5th over - 1 run, 2 hits, 0 errors, 2 left on base; Kannapolis 3 - Charleston 6
TOP OF THE 6TH
Kannapolis Cannon Ballers batting - Pitching for Charleston RiverDogs : RHP José Galván
Batting: LHB Jim Gilbert 0-0: Called Strike
0-1: Foul Ball, location: 3F
0-2: Ball
1-2: Foul Ball, location: 23FF
1-2: Ball
2-2: Foul Ball, location: 9LSFF
2-2: Ball
3-2: Foul Ball, location: 2F
3-2: Foul Ball, location: 2F
3-2: SINGLE (Groundball, 6MS, EV 60.0 MPH) (infield hit)
Batting: RHB Sam Holland 0-0: Called Strike
0-1: Called Strike
Jim Gilbert steals 2nd base
0-2: Fly out, F7 (Flyball, 7S, EV 91.3 MPH)
Batting: RHB Jeremiah Miller 0-0: Ball
1-0: Hit by Pitch
Batting: LHB Len Thompson 0-0: Called Strike
0-1: Fly out, F3 (Line Drive, 3, EV 71.3 MPH)
Lined into DP, U3 (Line Drive, 3, EV 71.3 MPH)
Top of the 6th over - 0 runs, 1 hit, 0 errors, 1 left on base; Kannapolis 3 - Charleston 6
BOTTOM OF THE 6TH
Charleston RiverDogs batting - Pitching for Kannapolis Cannon Ballers : LHP Jim Miller
Batting: LHB Joey Wright 0-0: Ground out 4-3 (Groundball, 4, EV 86.9 MPH)
Batting: RHB Cristo Ventura 0-0: Called Strike
0-1: Called Strike
0-2: Ball
1-2: Strikes out swinging
Batting: RHB Jesús Ramos 0-0: Ball
1-0: Called Strike
1-1: Called Strike
1-2: Ball
2-2: SINGLE (Line Drive, 7S, EV 98.8 MPH)
Batting: RHB Chris Mercer 0-0: Ball
1-0: Ball
2-0: Called Strike
2-1: Foul Ball, location: 2F
2-2: Ball
3-2: Foul Ball, location: 9LSF
3-2: Base on Balls
Jesús Ramos to second
Batting: RHB Joe Morrow 0-0: Ball
1-0: Foul Ball, location: 7LSF
1-1: Ball
2-1: SINGLE (Flyball, 4MD, EV 85.0 MPH)
Jesús Ramos to third
Chris Mercer to second
Runner from 3rd tries for Home, SAFE, throw by CF to home
Batting: RHB David Moreno 0-0: Called Strike
0-1: Foul Ball, location: 7LDF
0-2: Ball
1-2: Fly out, F8 (Flyball, 8RM, EV 98.1 MPH)
Bottom of the 6th over - 1 run, 2 hits, 0 errors, 2 left on base; Kannapolis 3 - Charleston 7
TOP OF THE 7TH
Kannapolis Cannon Ballers batting - Pitching for Charleston RiverDogs : RHP José Galván
Batting: RHB Sergio Rodríguez 0-0: Ball
1-0: Ball
2-0: Foul Ball, location: 23FF
2-1: Swinging Strike
2-2: Ball
3-2: Foul Ball, location: 2F
3-2: Base on Balls
Batting: RHB Rodrigo Silva 0-0: Called Strike
Sergio Rodríguez steals 2nd base
0-1: Ball
1-1: Called Strike
1-2: Ball
2-2: Ground out 4-3 (Groundball, 4, EV 84.4 MPH)
Sergio Rodríguez to third
Batting: RHB César Chapa 0-0: Foul Ball, location: 23FF
0-1: Ball
1-1: Foul Ball, location: 23F
1-2: Foul Ball, location: 23FF
1-2: Foul Ball, location: 7LMF
1-2: SINGLE (Line Drive, 5L, EV 95.0 MPH)
Sergio Rodríguez scores
Batting: LHB António Rodríguez 0-0: Called Strike
0-1: DOUBLE (Groundball, 3L, EV 100.6 MPH)
César Chapa to third
César Chapa scores
Batting: LHB José Morán 0-0: Ball
António Rodríguez steals 3rd base
1-0: Ball
2-0: Ball
3-0: Called Strike
3-1: Called Strike
3-2: Strikes out looking
Pitching: LHP Scot Murphy
Batting: RHB Willie Crouch 0-0: Ball
1-0: Called Strike
1-1: Ball
2-1: Called Strike
2-2: Foul Ball, location: 2F
2-2: Ball
3-2: Strikes out looking
Top of the 7th over - 2 runs, 2 hits, 0 errors, 1 left on base; Kannapolis 5 - Charleston 7
BOTTOM OF THE 7TH
Charleston RiverDogs batting - Pitching for Kannapolis Cannon Ballers : LHP Jim Miller
Batting: RHB Manny Moreno 0-0: Ball
1-0: DOUBLE (Line Drive, 7LS, EV 109.4 MPH)
Batting: LHB Ippolito Palermo 0-0: Ball
1-0: Ground out 4-3 (Groundball, 4, EV 105.6 MPH)
Manny Moreno to third
Batting: SHB Chris Whitehead 0-0: Called Strike
0-1: Ball
1-1: Called Strike
1-2: Foul Ball, location: 7LMF
1-2: Foul Ball, location: 2F
1-2: SINGLE (Groundball, 6D, EV 93.8 MPH)
Manny Moreno scores
Batting: LHB Joey Wright 0-0: Ball
1-0: Ball
2-0: Called Strike
2-1: Foul Ball, location: 5SF
2-2: Fly out, F6 (Popup, 6S, EV 85.0 MPH)
Batting: RHB Cristo Ventura 0-0: Ball
1-0: Foul Ball, location: 23F
1-1: Ball
2-1: SINGLE (Groundball, 34D, EV 104.4 MPH)
Chris Whitehead to second
Runner from 2nd tries for 3rd, SAFE, throw by RF made to third
Batting: RHB Jesús Ramos 0-0: Ball
1-0: Ball
2-0: Ball
3-0: Called Strike
3-1: Ground out 4-3 (Groundball, 4, EV 105.6 MPH)
Bottom of the 7th over - 1 run, 3 hits, 0 errors, 2 left on base; Kannapolis 5 - Charleston 8
TOP OF THE 8TH
Kannapolis Cannon Ballers batting - Pitching for Charleston RiverDogs : LHP Scot Murphy
Pitching: RHP Bob Dean
Batting: RHB Sam Holland 0-0: Fly out, F8 (Flyball, 89M, EV 100.0 MPH)
Batting: RHB Jeremiah Miller 0-0: Ball
1-0: Ball
2-0: Ball
3-0: Called Strike
3-1: Called Strike
3-2: Base on Balls
Batting: LHB Len Thompson 0-0: Foul Ball, location: 2F
0-1: Ball
1-1: Fly out, F7 (Line Drive, 7LS, EV 88.1 MPH)
Batting: RHB Sergio Rodríguez 0-0: Foul Ball, location: 2F
0-1: Ball
1-1: Ball
2-1: Called Strike
2-2: SINGLE (Line Drive, 56, EV 101.9 MPH)
Jeremiah Miller to second
Batting: RHB Rodrigo Silva 0-0: Foul Ball, location: 5F
0-1: Ball
1-1: Foul Ball, location: 2F
1-2: Foul Ball, location: 2LF
1-2: Foul Ball, location: 25FF
1-2: Ball
2-2: Foul Ball, location: 25F
2-2: Fly out, F7 (Flyball, 7LD, EV 85.6 MPH)
Top of the 8th over - 0 runs, 1 hit, 0 errors, 2 left on base; Kannapolis 5 - Charleston 8
BOTTOM OF THE 8TH
Charleston RiverDogs batting - Pitching for Kannapolis Cannon Ballers : LHP Jim Miller
Pitching: RHP Héctor Flores
Batting: RHB Chris Mercer 0-0: Called Strike
0-1: Foul Ball, location: 2F
0-2: Foul Ball, location: 7LMF
0-2: Ball
1-2: Ball
2-2: Ball
3-2: Strikes out swinging
Batting: RHB Joe Morrow 0-0: SINGLE (Groundball, 34D, EV 95.0 MPH)
Batting: RHB David Moreno 0-0: Ball
1-0: Swinging Strike
1-1: Ball
2-1: Called Strike
2-2: Foul Ball, location: 9LSF
2-2: Ground out U3 (Groundball, 3, EV 80.6 MPH)
Joe Morrow to second
Batting: RHB Manny Moreno 0-0: Ball
1-0: Ball
2-0: Swinging Strike
2-1: Swinging Strike
2-2: Foul Ball, location: 7LDF
2-2: Foul Ball, location: 5SF
2-2: Strikes out swinging
Bottom of the 8th over - 0 runs, 1 hit, 0 errors, 1 left on base; Kannapolis 5 - Charleston 8
TOP OF THE 9TH
Kannapolis Cannon Ballers batting - Pitching for Charleston RiverDogs : RHP Bob Dean
Pitching: LHP Jorge Morán
Now at C: Dave Arrington
Batting: RHB César Chapa 0-0: Called Strike
0-1: SINGLE (Flyball, 9LS, EV 96.9 MPH)
Batting: LHB António Rodríguez 0-0: Called Strike
0-1: Foul Ball, location: 3F
0-2: Ball
1-2: Foul Ball, location: 2F
1-2: Ball
2-2: Ball
3-2: Foul Ball, location: 5DF
3-2: Base on Balls
César Chapa to second
Pinch Hitting: RHB Pat Manley 0-0: Foul Ball, location: 2F
0-1: Ball
1-1: Foul Ball, location: 9LSF
1-2: Foul Ball, location: 2F
1-2: Ball
2-2: Foul Ball, location: 9LMF
2-2: Grounds into double play, 6-4-3 (Groundball, 6, EV 81.9 MPH)
César Chapa to third
Batting: RHB Willie Crouch 0-0: Ball
1-0: Called Strike
1-1: Reached on error, E3 (Groundball, 3, EV 90.0 MPH)
César Chapa scores
Batting: RHB Sam Holland 0-0: Ball
1-0: Ball
2-0: Called Strike
2-1: 2-RUN HOME RUN (Flyball, 9LD, EV 97.5 MPH), Distance : 357 ft
Batting: RHB Jeremiah Miller 0-0: Fly out, F7 (Flyball, 7, EV 98.8 MPH)
Top of the 9th over - 3 runs, 2 hits, 1 error, 0 left on base; Kannapolis 8 - Charleston 8
BOTTOM OF THE 9TH
Charleston RiverDogs batting - Pitching for Kannapolis Cannon Ballers : RHP Héctor Flores
Now in RF: Bob Douglas
Pinch Hitting: LHB Jesús Hernández 0-0: Swinging Strike
0-1: Foul Ball, location: 7LSF
0-2: Foul Ball, location: 9LMF
0-2: Strikes out swinging
Batting: SHB Chris Whitehead 0-0: Called Strike
0-1: Ground out 3-1 (Groundball, 34, EV 108.8 MPH)
Batting: LHB Joey Wright 0-0: Called Strike
0-1: Ball
1-1: Ball
2-1: Foul Ball, location: 7LMF
2-2: Ball
3-2: Fly out, F7 (Flyball, 78D, EV 90.0 MPH)
Bottom of the 9th over - 0 runs, 0 hits, 0 errors, 0 left on base; Kannapolis 8 - Charleston 8
TOP OF THE 10TH
Kannapolis Cannon Ballers batting - Pitching for Charleston RiverDogs : LHP Jorge Morán
Pitching: LHP Ben Woods
Now at C: Mauro Chicas
Pinch Hitting: RHB Gino Tadini 0-0: DOUBLE (Flyball, 8LD, EV 96.3 MPH)
Batting: RHB Sergio Rodríguez 0-0: Ball
1-0: Foul Ball, location: 7LSFF
1-1: Called Strike
1-2: Ball
2-2: Ground out 5-3 (Groundball, 5L, EV 107.5 MPH)
Gino Tadini to third
Batting: RHB Rodrigo Silva 0-0: Called Strike
0-1: Ball
1-1: Ball
2-1: Swinging Strike
2-2: Strikes out swinging
Batting: RHB César Chapa 0-0: Called Strike
0-1: Ball
1-1: Foul Ball, location: 9LDF
1-2: Ball
2-2: Ball
3-2: Foul Ball, location: 23FF
3-2: Base on Balls
Batting: LHB António Rodríguez 0-0: Called Strike
0-1: Foul Ball, location: 2F
0-2: Foul Ball, location: 2F
0-2: Foul Ball, location: 2F
0-2: Ball
1-2: Foul Ball, location: 2F
1-2: Strikes out swinging
Top of the 10th over - 0 runs, 1 hit, 0 errors, 2 left on base; Kannapolis 8 - Charleston 8
BOTTOM OF THE 10TH
Charleston RiverDogs batting - Pitching for Kannapolis Cannon Ballers : RHP Héctor Flores
Now in LF: Gino Tadini
Pinch Hitting: LHB José Rojas 0-0: Called Strike
0-1: SINGLE (Groundball, 34D, EV 105.6 MPH)
Batting: RHB Jesús Ramos 0-0: Bunt - Flyout to 23! F3
Batting: RHB Chris Mercer 0-0: Ball
1-0: Called Strike
1-1: Ball
2-1: Grounds into double play, 5-4-3 (Groundball, 5, EV 102.5 MPH)
Bottom of the 10th over - 0 runs, 1 hit, 0 errors, 0 left on base; Kannapolis 8 - Charleston 8
TOP OF THE 11TH
Kannapolis Cannon Ballers batting - Pitching for Charleston RiverDogs : LHP Ben Woods
Now at 2B: Jerry Robinson
Pinch Hitting: RHB Jorge Chalco 0-0: Ball
1-0: Ball
2-0: Called Strike
2-1: Foul Ball, location: 25F
2-2: Strikes out looking
Batting: RHB Willie Crouch 0-0: Foul Ball, location: 9LSFF
0-1: Ball
1-1: Foul Ball, location: 9LSF
1-2: Ball
2-2: SOLO HOME RUN (Flyball, 7D, EV 97.5 MPH), Distance : 410 ft
Batting: RHB Sam Holland 0-0: Ball
1-0: Called Strike
1-1: Ball
2-1: Called Strike
2-2: Strikes out looking
Batting: RHB Jeremiah Miller 0-0: Ball
1-0: Swinging Strike
1-1: Ball
2-1: Ball
3-1: Swinging Strike
3-2: Strikes out looking
Top of the 11th over - 1 run, 1 hit, 0 errors, 0 left on base; Kannapolis 9 - Charleston 8
BOTTOM OF THE 11TH
Charleston RiverDogs batting - Pitching for Kannapolis Cannon Ballers : RHP Héctor Flores
Now in RF: Pepe Maldonado
Batting: RHB Joe Morrow 0-0: Ball
1-0: Foul Ball, location: 2F
1-1: Called Strike
1-2: SINGLE (Groundball, 5D, EV 108.8 MPH)
Batting: RHB David Moreno 0-0: Ball
1-0: Foul Ball, location: 7LMF
1-1: Swinging Strike
1-2: Ball
2-2: Ball
3-2: Strikes out swinging
Batting: RHB Manny Moreno 0-0: SINGLE (Groundball, 34D, EV 98.1 MPH)
Joe Morrow to second
Pinch Hitting: LHB Jorge Martínez 0-0: Called Strike
0-1: Fly out, F9 (Flyball, 9, EV 94.4 MPH)
Batting: SHB Chris Whitehead 0-0: Ball
1-0: Foul Ball, location: 2F
1-1: Fly out, F9 (Flyball, 89M, EV 80.0 MPH)
Bottom of the 11th over - 0 runs, 2 hits, 0 errors, 2 left on base; Kannapolis 9 - Charleston 8
Monday, April 1st , 2024 - OOTP Baseball 24.10 Build 82